 Dungeon Crawl Stone Soup version 0.30-a0-956-gcec3b41aec (webtiles) character file.

Game seed: 13029750033644432416

19171 quarry the Severer (level 12, -1/111 HPs)
             Began as a Minotaur Fighter on Mar 29, 2023.
             Was a Priest of the Shining One.
             Succumbed to Amaemon's poison
             ... on level 2 of the Lair of Beasts.
             The game lasted 00:35:44 (10987 turns).

quarry the Severer (Minotaur Fighter)              Turns: 10987, Time: 00:35:45

Health: -1/111     AC: 29    Str: 26    XL:     12   Next: 34%
Magic:  11/11      EV:  8    Int:  5    God:    the Shining One [***...]
Gold:   1443       SH:  5    Dex: 10    Spells: 11/11 levels left

rFire   + . .      SeeInvis .    a - +1 war axe (flame)
rCold   + . .      Faith    .    c - +0 buckler
rNeg    + . .      Spirit   .    x - +3 plate armour
rPois   .          Reflect  .    y - +2 hat
rElec   .          Rampage  .    k - scarf {rC+ rF+}
rCorr   .                        s - +0 pair of gloves
Will    .....                    I - +1 pair of boots Stlth
                                 q - amulet of the acrobat
HPRegen 0.38/turn                u - +4 ring of slaying
MPRegen 0.12/turn                i - +4 ring of protection

@: mighty, lethally poisoned (-1 -> -26), weakened, slowed, glowing, very slow
A: horns 2, retaliatory headbutt
a: Renounce Religion, Divine Shield, Cleansing Flame


You were on level 2 of the Lair of Beasts.
You worshipped the Shining One.
The Shining One was most pleased with you.
You visited 3 branches of the dungeon, and saw 13 of its levels.

You collected 1639 gold pieces.
You spent 196 gold pieces at shops.

Inventory:

Hand Weapons
 a - a +1 war axe of flaming (weapon)
 r - a +3 halberd
 G - a +1 dire flail of protection
Missiles
 j - a throwing net (quivered)
Armour
 c - a +0 buckler (worn)
 k - a scarf of resistance (worn)
 s - a +0 pair of gloves (worn)
 w - a +0 pair of boots
 x - a +3 plate armour (worn)
 y - a +2 hat (worn)
 I - a +1 pair of boots (worn)
Jewellery
 h - an amulet of magic regeneration
 i - a +4 ring of protection (right hand)
 n - a ring of resist corrosion
 q - an amulet of the acrobat (around neck)
 u - a +4 ring of slaying (left hand)
 v - a +4 ring of protection
 A - a ring of willpower
 D - a ring of see invisible
 F - a ring of flight
Wands
 b - a wand of quicksilver (16)
 l - a wand of digging (6)
 t - a wand of paralysis (11)
 B - a wand of flame (84)
Scrolls
 d - a scroll of brand weapon
 f - 7 scrolls of identify
 g - 9 scrolls of teleportation
Potions
 e - 3 potions of invisibility
 o - 4 potions of attraction
 z - a potion of haste
 C - a potion of magic
 E - 2 potions of resistance


   Skills:
 + Level 11.7 Fighting
 + Level 15.9 Axes
 + Level 12.9 Armour
 + Level 2.9 Dodging
 + Level 1.1 Stealth
 + Level 8.2 Shields


You had 11 spell levels left.
You didn't know any spells.
Your spell library contained the following spells:

 Spells                   Type           Power      Damage    Failure   Level
 Beastly Appendage        Tmut           0%         N/A       99%         1
 Freeze                   Ice            0%         1d3       99%         1
 Magic Dart               Conj           0%         1d3       99%         1
 Blink                    Tloc           0%         N/A       100%        2
 Call Imp                 Summ           0%         N/A       100%        2
 Lesser Beckoning         Tloc           0%         N/A       100%        2
 Momentum Strike          Conj/Tloc      0%         3d8       100%        2
 Searing Ray              Conj           0%         2d4       100%        2
 Wereblood                Tmut           0%         N/A       100%        2
 Dazzling Flash           Conj/Hex       0%         N/A       100%        3
 Frozen Ramparts          Ice            0%         1d1       100%        3
 Hailstorm                Conj/Ice       0%         3d3       100%        3
 Mephitic Cloud           Conj/Pois/Air  0%         N/A       100%        3
 Spider Form              Tmut/Pois      0%         N/A       100%        3
 Stone Arrow              Conj/Erth      0%         3d7       100%        3
 Airstrike                Air            0%         2d(0-16)  100%        4
 Anguish                  Hex/Necr       0%         N/A       100%        4
 Animate Armour           Summ/Erth      0%         N/A       100%        4
 Fulminant Prism          Conj/Hex       0%         3d5       100%        4
 Summon Lightning Spire   Summ/Air       0%         N/A       100%        4
 Agony                    Necr           0%         N/A       100%        5
 Plasma Beam              Fire/Air       0%         2x1d7     100%        5
 Silence                  Hex/Air        0%         N/A       100%        5
 Enfeeble                 Hex            0%         N/A       100%        7
 Lehudib's Crystal Spear  Conj/Erth      0%         10d2      100%        8


Dungeon Overview and Level Annotations

Branches:
Dungeon (10/15)            Temple (1/1) D:6            Lair (2/5) D:10
  Swamp (0/4) Lair:2          Orc (0/2) D:10
  Snake: Lair:2-3    Spider: Lair:2-3

Altars:
Dithmenos
Elyvilon
Fedhas
Gozag
Hepliaklqana
Kikubaaqudgha
Nemelex Xobeh
Qazlal
Sif Muna
The Shining One
Jiyva

Shops:
D:8 !


Innate Abilities, Weirdness & Mutations

You have a pair of horns on your head.
You reflexively headbutt those who attack you in melee.


Message History

Amaemon tail-slaps you but does no damage.
You slice Amaemon!! You burn Amaemon!
Amaemon is almost dead.
You feel extremely sick.
Amaemon hits you with the +8 whip "Snakebite" {venom, curare, rPois}.
You are more poisoned.
Amaemon claws you but does no damage. Amaemon tail-slaps you.
You are lethally poisoned!
Amaemon poisons you! Amaemon barely misses you. You furiously retaliate!
You headbutt Amaemon! You block Amaemon's attack. Amaemon misses you.
You hit Amaemon. You burn Amaemon.
Amaemon is almost dead.
You feel extremely sick.
The blink frog blinks!
Amaemon barely misses you. x3
Unknown command.
You hit Amaemon but do no damage.
Amaemon is almost dead.
* * * LOW HITPOINT WARNING * * *
You feel extremely sick. You block Amaemon's attack.
Amaemon claws you but does no damage. Amaemon completely misses you.
Amaemon hits you with the +8 whip "Snakebite" {venom, curare, rPois}!
* * * LOW HITPOINT WARNING * * *
You are more poisoned.
Amaemon claws you but does no damage.
Amaemon tail-slaps you but does no damage.
You hit Amaemon. You burn Amaemon.
You kill Amaemon!
The Shining One accepts your kill.
You hit the blink frog. You burn the blink frog.
* * * LOW HITPOINT WARNING * * *
You feel extremely sick. The blink frog barely misses you.
You hit the blink frog. You burn the blink frog. You headbutt the blink frog.
The blink frog is almost dead.
* * * LOW HITPOINT WARNING * * *
You feel extremely sick.
The blink frog hits you but does no damage. x2
You feel very mighty all of a sudden.
You die...

...#.........
.............. . ......
..#.......P... .#....P .
..##..........##.....#..
..##......##.#........#.
###....................#
.....................###
.....<..................
†..............F@)......
..............?††.......
.#.#.....##..#..###.....
...##..?.###....## ...##
...P#....#P......##....#
....#....##...........##
.................P#...###.
.........##......##.......
.........##......##...##


You could see a blink frog.

Vanquished Creatures
  The ghost of Aldia the Protected, a journeyman AtAr of Okawaru (D:9)
  Erolcha (D:10)
  3 two-headed ogres (D:10)
  3 boulder beetles
  3 death yaks (Lair:2)
  Amaemon (Lair:2)
  The ghost of GrimJard the Destroyer, a novice DrCj of Vehumet (D:8)
  2 bog bodies (Lair:2)
  A deep elf zephyrmancer (D:9)
  A deep elf pyromancer (D:9)
  A cyclops (D:10)
  A black mamba (Lair:1)
  A moth of wrath (D:8)
  An orange demon (Lair:2)
  A cane toad (Lair:1)
  A komodo dragon (Lair:1)
  An efreet (D:10)
  2 trolls (D:10)
  Prince Ribbit (D:6)
  3 blink frogs (Lair:2)
  A slime creature (D:9)
  3 vampires (D:10)
  8 yaks
  3 wyverns
  A basilisk (Lair:1)
  2 steam dragons
  3 acid dragons (D:10)
  2 ice beasts
  2 orc warriors (D:10)
  A water moccasin (D:8)
  A swamp drake (D:9)
  2 black bears
  4 centaurs
  A kobold brigand (D:6)
  4 bullfrogs
  2 scorpions (D:5)
  16 wights
  7 killer bees
  3 howler monkeys
  A crimson imp (D:9)
  5 jellies
  2 hounds
  4 orc priests
  Crazy Yiuf (D:5)
  An iron imp (D:9)
  An iguana (D:6)
  13 orc wizards
  Robin (D:3)
  4 gnolls (D:4)
  9 adders
  2 shadow imps
  A white imp (D:9)
  2 ufetubi
  2 dart slugs
  A worm (D:4)
  35 orcs
  An endoplasm (D:4)
  2 giant cockroaches (D:2)
  23 goblins
  11 hobgoblins
  8 kobolds
  5 quokkas
  8 ball pythons
  3 bats
  2 frilled lizards
  6 rats
250 creatures vanquished.

Vanquished Creatures (others)
  An orc wizard (D:9)
  An orc (D:9)
  2 fungi
  8 plants
12 creatures vanquished.

Grand Total: 262 creatures vanquished

Notes
Turn   | Place    | Note
-------+----------+-------------------------------------------
     0 | D:1      | quarry the Minotaur Fighter began the quest for the Orb.
     0 | D:1      | Reached XP level 1. HP: 19/19 MP: 0/0
   259 | D:1      | Reached XP level 2. HP: 27/27 MP: 1/1
   750 | D:2      | Reached skill level 1 in Dodging
   750 | D:2      | Reached XP level 3. HP: 33/33 MP: 2/2
  1537 | D:3      | Noticed an ice beast
  1546 | D:3      | Killed an ice beast
  1547 | D:3      | Reached skill level 3 in Axes
  1547 | D:3      | Reached XP level 4. HP: 41/41 MP: 3/3
  1547 | D:3      | Reached XP level 5. HP: 47/47 MP: 4/4
  1567 | D:3      | Found a hazy altar of Hepliaklqana.
  2043 | D:3      | Noticed Robin
  2065 | D:3      | Killed Robin
  2066 | D:3      | Reached skill level 4 in Axes
  2520 | D:4      | Found a shadowy altar of Dithmenos.
  2621 | D:4      | Reached XP level 6. HP: 36/55 MP: 5/5
  2624 | D:4      | Reached skill level 5 in Fighting
  2626 | D:4      | Reached skill level 5 in Armour
  3065 | D:4      | Reached skill level 5 in Axes
  3366 | D:4      | Identified a scroll of acquirement
  3366 | D:4      | Acquired 839 gold pieces
  3437 | D:5      | Entered Level 5 of the Dungeon
  3652 | D:5      | Found a runed translucent door.
  3653 | D:5      | Noticed Crazy Yiuf
  3665 | D:5      | Killed Crazy Yiuf
  3666 | D:5      | Reached XP level 7. HP: 49/61 MP: 6/6
  3843 | D:5      | Reached skill level 6 in Axes
  4029 | D:5      | You fall into a shaft and drop 1 floor!
  4039 | D:6      | Noticed Prince Ribbit
  4051 | D:6      | Killed Prince Ribbit
  4052 | D:6      | Reached skill level 7 in Axes
  4070 | D:6      | Reached XP level 8. HP: 67/70 MP: 7/7
  4170 | D:6      | Found a staircase to the Ecumenical Temple.
  4182 | Temple   | Entered the Ecumenical Temple
  4949 | D:7      | Reached skill level 8 in Axes
  5316 | D:7      | Found a blossoming altar of Fedhas.
  5469 | D:7      | Reached skill level 9 in Axes
  5469 | D:7      | Reached skill level 5 in Shields
  5991 | D:8      | Found a transporter.
  5996 | D:8      | Reached XP level 9. HP: 77/78 MP: 8/8
  5998 | D:8      | Found a sparkling altar of Nemelex Xobeh.
  6155 | D:8      | Found Vassuc's Distillery.
  6159 | D:8      | Bought a potion of heal wounds for 70 gold pieces
  6159 | D:8      | Bought a potion of might for 56 gold pieces
  6159 | D:8      | Bought a potion of heal wounds for 70 gold pieces
  6202 | D:8      | Found a transporter.
  6208 | D:8      | Noticed a moth of wrath
  6229 | D:8      | Noticed GrimJard's ghost (novice DrCj)
  6283 | D:8      | Found a glowing golden altar of the Shining One.
  6286 | D:8      | Became a worshipper of the Shining One
  6397 | D:8      | Reached skill level 10 in Axes
  6774 | D:8      | Killed GrimJard's ghost
  6774 | D:8      | Killed a moth of wrath
  6775 | D:8      | Reached skill level 11 in Axes
  6977 | D:9      | Found a runed translucent gate.
  6977 | D:9      | Found a runed translucent gate.
  6977 | D:9      | Found a runed translucent gate.
  6980 | D:9      | Noticed Aldia's ghost (journeyman AtAr)
  6984 | D:9      | Found a viscous altar of Jiyva.
  7002 | D:9      | Reached XP level 10. HP: 9/88 MP: 9/9
  7012 | D:9      | Killed Aldia's ghost
  7013 | D:9      | Reached skill level 12 in Axes
  7013 | D:9      | Reached skill level 10 in Armour
  7013 | D:9      | Reached skill level 1 in Stealth
  7144 | D:9      | Reached * piety under the Shining One
  7596 | D:9      | Noticed a deep elf pyromancer
  7598 | D:9      | Noticed a deep elf zephyrmancer
  7600 | D:9      | Killed a deep elf pyromancer
  7609 | D:9      | Killed a deep elf zephyrmancer
  7610 | D:9      | Reached skill level 13 in Axes
  8713 | D:10     | Entered Level 10 of the Dungeon
  8719 | D:10     | Noticed a boulder beetle
  8748 | D:10     | Killed a boulder beetle
  8924 | D:10     | Reached XP level 11. HP: 97/97 MP: 10/10
  8968 | D:10     | Reached ** piety under the Shining One
  8968 | D:10     | Noticed a boulder beetle
  8975 | D:10     | Noticed a two-headed ogre
  8987 | D:10     | Killed a boulder beetle
  8989 | D:10     | Killed a two-headed ogre
  9001 | D:10     | Noticed a two-headed ogre
  9006 | D:10     | Killed a two-headed ogre
  9007 | D:10     | Reached skill level 10 in Fighting
  9007 | D:10     | Reached skill level 14 in Axes
  9324 | D:10     | Found a white marble altar of Elyvilon.
  9363 | D:10     | Noticed Erolcha
  9373 | D:10     | Killed Erolcha
  9409 | D:10     | Found a staircase to the Orcish Mines.
  9491 | D:10     | Found a staircase to the Lair.
  9641 | D:10     | Noticed a two-headed ogre
  9649 | D:10     | Killed a two-headed ogre
  9820 | Lair:1   | Entered Level 1 of the Lair of Beasts
  9831 | Lair:1   | Found a stormy altar of Qazlal.
 10596 | Lair:2   | Noticed a death yak
 10597 | Lair:2   | Noticed a death yak
 10598 | Lair:2   | Noticed a death yak
 10607 | Lair:2   | Killed a death yak
 10608 | Lair:2   | Reached skill level 15 in Axes
 10610 | Lair:2   | Killed a death yak
 10611 | Lair:2   | Killed a death yak
 10612 | Lair:2   | Reached XP level 12. HP: 94/110 MP: 11/11
 10670 | Lair:2   | Noticed a boulder beetle
 10688 | Lair:2   | Killed a boulder beetle
 10782 | Lair:2   | Found a staircase to the Swamp.
 10962 | Lair:2   | Noticed Amaemon
 10962 | Lair:2   | Reached *** piety under the Shining One
 10985 | Lair:2   | Killed Amaemon
 10987 | Lair:2   | Succumbed to Amaemon's poison

Illustrated notes

Levels and vault maps discovered:
D:1:      lightli_arrival_boilingwater, layout_basic
D:2:      layout_basic
D:3:      layout_loops_ring, mainiacjoe_overflow_chevrons, uniq_grinder,
          uniq_robin
D:4:      layout_loops_corners, nicolae_dithmenos_through_a_glass_darkly
D:5:      layout_basic, uniq_crazy_yiuf_cottage
D:6:      layout_basic, minmay_temple_entry_overgrown, uniq_prince_ribbit1
D:7:      layout_basic, old_standard_altar
D:8:      layout_loops_ring, tso_oasis_becter,
          nemelex_xobeh_ov_fountains_minmay, gammafunk_ghost_berserking_beasts,
          serial_shops, shop
D:9:      layout_layer_cave, enter_bailey_4, gammafunk_ghost_ooze,
          hangedman_minor_magic
D:10:     minmay_s_stair_smasher, layout_irregular_city, elyvilon_altar_1,
          lair_entry_dummy, orc_0_dummy, uniq_erolcha
Temple:   kb_temple_of_zot
Lair:1:   layout_gridlike, basic_altar
Lair:2:   layout_regular_city, skrybe_swamp_entry_bodies, nzn_sisyphean_effort,
          grunt_megastairs_5, uniq_amaemon, uniq_erica

Skill      XL: |  1  2  3  4  5  6  7  8  9 10 11 |
---------------+----------------------------------+-----
Armour         | 4 5 6 8 9 11 12 | 12.9
Shields        | 4 5 6 7 8 |  8.2
Fighting       | 4 5 6 7 9 11 | 11.7
Dodging        | 1 2 |  2.9
Axes           | 3 4 5 7 9 11 13 15 | 15.9
Stealth        | 1 |  1.1

Action                     |  1- 3 |  4- 6 |  7- 9 | 10-12 || total
---------------------------+-------+-------+-------+-------++-------
  Melee: War axe           |    53 |   104 |   155 |   222 ||   534
         Headbutt          |    13 |    16 |    41 |    72 ||   142
    Use: Scroll            |     2 |     7 |     7 |       ||    16
         Potion            |     1 |     1 |     8 |     9 ||    19
 Armour: Scale mail        |    28 |    37 |       |       ||    65
         Plate armour      |       |    29 |   106 |   136 ||   271
  Dodge: Dodged            |    35 |    52 |    74 |   141 ||   302
  Block: Buckler           |    18 |    17 |    37 |    53 ||   125

Table legend: (Time is in decaauts)
 A = Elapsed time spent in this place.
 B = Non-inter-level travel time spent in this place.
 C = Inter-level travel time spent in this place.
 D = Time resting spent in this place.
 E = Time spent auto-exploring this place.
 F = Levels seen in this place.
 G = Mean time per level.
                   A        B        C        D        E       F      G
               +--------+--------+--------+--------+--------+-----+--------+
         Total |  11092 |  10554 |    538 |    733 |   7298 |  13 |  853.2 |
       Dungeon |   9858 |   9392 |    466 |    733 |   6326 |  10 |  985.8 |
        Temple |     26 |     23 |      3 |      0 |      0 |   1 |   26.0 |
          Lair |   1206 |   1137 |     69 |      0 |    971 |   2 |  603.0 |
               +--------+--------+--------+--------+--------+-----+--------+

Top non-repeatable levels by time:
     D:9: 1803 daAuts
     D:4: 1260 daAuts
    D:10: 1093 daAuts
     D:8: 1026 daAuts
     D:7: 943 daAuts
     D:5: 909 daAuts
     D:2: 874 daAuts
  Lair:1: 771 daAuts
     D:3: 691 daAuts
     D:1: 660 daAuts
     D:6: 596 daAuts
  Lair:2: 435 daAuts
  Temple: 26 daAuts
